[ PARTIDA AOE2 · #473578349 ]
UnrankedMongoles vs Franks
[ ANÁLISIS DE REPETICIÓN · EXTRAÍDO DE LA PARTIDA GRABADA ]
Feudal
10:31
Castillos
14:01
Imperial
31:39
| APM promedio | 38.1 |
| APM pico | 102 |
| eAPM promedio | 20.8 |
| Aldeanos / militares | 134 / 33 |
Foco
⚔️ 18.9% · 🌾 81.1%
Mangudai ×15 · Scorpion ×6 · Knight ×5 · Cavalry Archer ×5 · Mangonel ×1 · Battering Ram ×1
Feudal
10:56
Castillos
14:31
Imperial
28:31
| APM promedio | 32.8 |
| APM pico | 76 |
| eAPM promedio | 21.8 |
| Aldeanos / militares | 152 / 121 |
Foco
⚔️ 33.1% · 🌾 66.9%
Knight ×118 · Trebuchet (Packed) ×3
Feudal
8:51
Castillos
25:54
Imperial
—
| APM promedio | 21.4 |
| APM pico | 47 |
| eAPM promedio | 13.5 |
| Aldeanos / militares | 81 / 1 |
Foco
⚔️ 17.6% · 🌾 82.4%
Mangonel ×1
Feudal
11:27
Castillos
15:47
Imperial
30:23
| APM promedio | 30.6 |
| APM pico | 59 |
| eAPM promedio | 14.7 |
| Aldeanos / militares | 101 / 23 |
Foco
⚔️ 24.6% · 🌾 75.4%
Conquistador ×19 · Petard ×2 · Trebuchet (Packed) ×2
Feudal
11:02
Castillos
14:57
Imperial
30:47
| APM promedio | 30.6 |
| APM pico | 63 |
| eAPM promedio | 18.6 |
| Aldeanos / militares | 158 / 85 |
Foco
⚔️ 20.5% · 🌾 79.5%
Camel Scout ×82 · Trade Cart ×4 · Trebuchet (Packed) ×3
Feudal
11:23
Castillos
15:05
Imperial
28:12
| APM promedio | 42.9 |
| APM pico | 98 |
| eAPM promedio | 22.9 |
| Aldeanos / militares | 167 / 46 |
Foco
⚔️ 30.1% · 🌾 69.9%
Knight ×38 · Monk ×4 · Spearman ×2 · Trebuchet (Packed) ×2
Feudal
9:43
Castillos
17:02
Imperial
—
| APM promedio | 27.6 |
| APM pico | 54 |
| eAPM promedio | 18.4 |
| Aldeanos / militares | 111 / 19 |
Foco
⚔️ 31.0% · 🌾 69.0%
Monk ×6 · Mameluke ×6 · Scorpion ×6 · Battering Ram ×1
Feudal
10:32
Castillos
14:14
Imperial
—
| APM promedio | 56.2 |
| APM pico | 101 |
| eAPM promedio | 31.2 |
| Aldeanos / militares | 104 / 27 |
Foco
⚔️ 57.2% · 🌾 42.8%
Cavalry Archer ×21 · Mangonel ×3 · Battering Ram ×3
Mapa de la partida
Recursos iniciales + cada clic de construcción. Líneas = muros · curvas = relieve. ◆ oro · ⬟ piedra · ● bayas · ✦ reliquia · ◌ hueco del cierre
Tu base· ✓ Cerrada en 14:01 · 0t muro · 2 puerta(s)
Base de 玉祥(群主菜鸡)· ✓ Cerrada en 14:31 · 0t muro · 3 puerta(s)
Base de 3409853472· ✓ Cerrada en 25:54 · 10t muro · 5 puerta(s)
Base de 快樂 543· ✓ Cerrada en 15:47 · 0t muro · 3 puerta(s)
Base de Red Paladin· ✓ Cerrada en 14:57 · 0t muro · 2 puerta(s)
Base de LuLALa· ✓ Cerrada en 15:05 · 0t muro · 2 puerta(s)
Base de sdk· ✓ Cerrada en 17:02 · 0t muro · 3 puerta(s)
Base de ಥ_ಥ· ✓ Cerrada en 14:14 · 20t muro · 2 puerta(s)
Terreno inicial suavizado · ◌ = hueco del cierre detectado · pasá el cursor para detalles
Inputs por minuto
— jwL - - 玉祥(群主菜鸡)
Build order — jwL
Primeras 150 de 296 acciones detectadas
| 0:01 | Crear | Villager (Male) |
| 0:02 | Crear | Villager (Male) |
| 0:02 | Crear | Villager (Male) |
| 0:04 | Construir | House |
| 0:05 | Construir | House |
| 0:24 | Crear | Villager (Male) |
| 0:24 | Crear | Villager (Male) |
| 0:24 | Crear | Villager (Male) |
| 1:33 | Crear | Villager (Male) |
| 1:34 | Crear | Villager (Male) |
| 1:46 | Construir | Lumber Camp |
| 2:03 | Crear | Villager (Male) |
| 2:03 | Crear | Villager (Male) |
| 2:03 | Crear | Villager (Male) |
| 2:18 | Crear | Villager (Male) |
| 2:18 | Crear | Villager (Male) |
| 2:18 | Crear | Villager (Male) |
| 2:40 | Construir | House |
| 2:55 | Crear | Villager (Male) |
| 3:10 | Crear | Villager (Male) |
| 3:31 | Crear | Villager (Male) |
| 3:41 | Crear | Villager (Male) |
| 3:41 | Crear | Villager (Male) |
| 4:32 | Crear | Villager (Male) |
| 4:33 | Crear | Villager (Male) |
| 4:33 | Crear | Villager (Male) |
| 4:43 | Construir | Mill |
| 4:48 | Crear | Villager (Male) |
| 5:17 | Construir | House |
| 5:27 | Crear | Villager (Male) |
| 5:27 | Crear | Villager (Male) |
| 6:34 | Crear | Villager (Male) |
| 6:56 | Crear | Villager (Male) |
| 6:59 | Investigar | Feudal Age |
| 7:13 | Construir | Mining Camp |
| 7:40 | Crear | Villager (Male) |
| 7:47 | Construir | House |
| 7:56 | Crear | Villager (Male) |
| 8:49 | Construir | Farm |
| 8:51 | Construir | Farm |
| 9:56 | Construir | Farm |
| 10:31 | Edad | Edad Feudal |
| 10:33 | Construir | Market |
| 10:35 | Construir | Blacksmith |
| 10:50 | Investigar | Double-Bit Axe |
| 11:19 | Investigar | Castle Age |
| 11:20 | Investigar | Castle Age |
| 11:24 | Investigar | Double-Bit Axe |
| 11:29 | Construir | House |
| 12:00 | Investigar | Horse Collar |
| 12:26 | Construir | Farm |
| 12:28 | Construir | Farm |
| 12:30 | Construir | Farm |
| 13:26 | Crear | Villager (Male) |
| 13:27 | Crear | Villager (Male) |
| 14:01 | Edad | Edad de los Castillos |
| 14:03 | Construir | Town Center |
| 14:05 | Construir | Town Center |
| 14:11 | Investigar | Bow Saw |
| 14:36 | Crear | Villager (Male) |
| 14:42 | Construir | House |
| 14:56 | Crear | Villager (Male) |
| 15:16 | Construir | House |
| 15:22 | Crear | Villager (Male) |
| 15:26 | Construir | Farm |
| 15:28 | Construir | Farm |
| 15:31 | Construir | Farm |
| 15:33 | Crear | Villager (Male) |
| 15:38 | Crear | Villager (Male) |
| 15:45 | Crear | Villager (Male) |
| 15:52 | Crear | Villager (Male) |
| 15:54 | Construir | House |
| 16:01 | Construir | Farm |
| 16:03 | Construir | Farm |
| 16:09 | Construir | Farm |
| 16:09 | Crear | Villager (Male) |
| 16:13 | Construir | Farm |
| 16:14 | Crear | Villager (Male) |
| 16:39 | Crear | Villager (Male) |
| 16:47 | Construir | Barracks |
| 16:49 | Crear | Villager (Male) |
| 17:06 | Crear | Villager (Male) |
| 17:06 | Crear | Villager (Male) |
| 17:12 | Crear | Villager (Male) |
| 17:25 | Crear | Villager (Male) |
| 17:34 | Crear | Villager (Male) |
| 17:39 | Construir | Stable |
| 17:41 | Crear | Villager (Male) |
| 17:59 | Crear | Villager (Male) |
| 18:02 | Construir | Farm |
| 18:03 | Construir | Farm |
| 18:05 | Construir | House |
| 18:07 | Construir | House |
| 18:11 | Crear | Villager (Male) |
| 18:11 | Crear | Villager (Male) |
| 18:19 | Crear | Villager (Male) |
| 18:30 | Crear | Knight |
| 18:39 | Crear | Villager (Male) |
| 18:44 | Construir | Town Center |
| 18:49 | Crear | Villager (Male) |
| 18:53 | Crear | Knight |
| 18:54 | Crear | Villager (Male) |
| 19:24 | Crear | Villager (Male) |
| 19:25 | Crear | Villager (Male) |
| 19:34 | Crear | Villager (Male) |
| 19:36 | Crear | Villager (Male) |
| 19:38 | Construir | House |
| 19:56 | Crear | Villager (Male) |
| 20:04 | Crear | Villager (Male) |
| 20:05 | Crear | Villager (Male) |
| 20:05 | Crear | Villager (Male) |
| 20:10 | Construir | Town Center |
| 20:17 | Construir | Farm |
| 20:18 | Construir | Farm |
| 20:19 | Construir | Farm |
| 20:20 | Construir | Farm |
| 20:22 | Construir | Farm |
| 20:23 | Crear | Villager (Male) |
| 20:26 | Construir | Farm |
| 20:27 | Construir | Farm |
| 20:30 | Construir | Farm |
| 20:37 | Construir | House |
| 20:38 | Construir | House |
| 20:38 | Construir | House |
| 20:38 | Construir | House |
| 20:39 | Crear | Villager (Male) |
| 20:39 | Crear | Villager (Male) |
| 20:39 | Crear | Villager (Male) |
| 20:45 | Crear | Villager (Male) |
| 20:45 | Crear | Villager (Male) |
| 20:49 | Construir | Farm |
| 20:51 | Construir | Farm |
| 20:55 | Construir | Farm |
| 21:05 | Crear | Knight |
| 21:07 | Crear | Villager (Male) |
| 21:07 | Crear | Villager (Male) |
| 21:10 | Investigar | Loom |
| 21:12 | Construir | Farm |
| 21:13 | Crear | Villager (Male) |
| 21:17 | Construir | Farm |
| 21:25 | Investigar | Wheelbarrow |
| 21:26 | Investigar | Wheelbarrow |
| 21:29 | Construir | Farm |
| 21:40 | Crear | Villager (Male) |
| 21:41 | Crear | Villager (Male) |
| 21:45 | Construir | House |
| 21:46 | Construir | House |
| 21:46 | Construir | House |
| 21:55 | Crear | Villager (Male) |
| 21:57 | Crear | Villager (Male) |
Build order — 玉祥(群主菜鸡)
Primeras 150 de 365 acciones detectadas
| 0:00 | Crear | Villager (Male) |
| 0:01 | Crear | Villager (Male) |
| 0:03 | Construir | House |
| 0:05 | Construir | House |
| 0:10 | Crear | Villager (Male) |
| 0:10 | Crear | Villager (Male) |
| 1:23 | Crear | Villager (Male) |
| 1:45 | Crear | Villager (Male) |
| 1:56 | Construir | Lumber Camp |
| 2:30 | Crear | Villager (Male) |
| 2:30 | Crear | Villager (Male) |
| 3:02 | Crear | Villager (Male) |
| 3:28 | Construir | House |
| 3:29 | Construir | House |
| 3:30 | Construir | House |
| 3:39 | Crear | Villager (Male) |
| 3:41 | Crear | Villager (Male) |
| 3:41 | Crear | Villager (Male) |
| 4:34 | Crear | Villager (Male) |
| 4:34 | Crear | Villager (Male) |
| 4:34 | Crear | Villager (Male) |
| 4:37 | Crear | Villager (Male) |
| 4:37 | Crear | Villager (Male) |
| 4:51 | Construir | Mill |
| 5:35 | Crear | Villager (Male) |
| 5:35 | Crear | Villager (Male) |
| 5:46 | Crear | Villager (Male) |
| 6:09 | Crear | Villager (Male) |
| 6:09 | Crear | Villager (Male) |
| 6:10 | Crear | Villager (Male) |
| 6:10 | Crear | Villager (Male) |
| 6:23 | Crear | Villager (Male) |
| 6:23 | Crear | Villager (Male) |
| 8:04 | Crear | Villager (Male) |
| 8:18 | Investigar | Feudal Age |
| 8:25 | Construir | Mining Camp |
| 9:25 | Construir | Farm |
| 9:29 | Construir | Farm |
| 9:36 | Construir | Farm |
| 9:42 | Construir | Farm |
| 9:55 | Crear | Villager (Male) |
| 9:55 | Crear | Villager (Male) |
| 10:56 | Edad | Edad Feudal |
| 10:59 | Construir | Blacksmith |
| 11:04 | Construir | Market |
| 11:09 | Construir | House |
| 11:20 | Investigar | Double-Bit Axe |
| 11:51 | Investigar | Castle Age |
| 12:32 | Construir | Lumber Camp |
| 12:42 | Crear | Villager (Male) |
| 12:43 | Crear | Villager (Male) |
| 13:31 | Construir | Farm |
| 13:32 | Construir | Farm |
| 13:42 | Construir | Farm |
| 14:31 | Edad | Edad de los Castillos |
| 14:33 | Construir | Town Center |
| 14:40 | Construir | Town Center |
| 14:50 | Investigar | Bow Saw |
| 14:58 | Construir | Farm |
| 15:15 | Crear | Villager (Male) |
| 15:34 | Crear | Villager (Male) |
| 15:35 | Construir | Farm |
| 15:36 | Crear | Villager (Male) |
| 15:45 | Crear | Villager (Male) |
| 15:46 | Crear | Villager (Male) |
| 15:48 | Crear | Villager (Male) |
| 15:53 | Construir | Farm |
| 16:00 | Construir | Farm |
| 16:06 | Construir | Farm |
| 16:09 | Construir | Farm |
| 16:09 | Crear | Villager (Male) |
| 16:10 | Crear | Villager (Male) |
| 16:14 | Construir | Farm |
| 16:20 | Crear | Villager (Male) |
| 16:22 | Construir | Farm |
| 16:35 | Crear | Villager (Male) |
| 16:43 | Construir | Farm |
| 16:49 | Construir | House |
| 16:50 | Construir | House |
| 17:00 | Crear | Villager (Male) |
| 17:00 | Crear | Villager (Male) |
| 17:01 | Crear | Villager (Male) |
| 17:02 | Construir | Farm |
| 17:04 | Crear | Villager (Male) |
| 17:04 | Crear | Villager (Male) |
| 17:19 | Crear | Villager (Male) |
| 17:25 | Construir | Farm |
| 17:27 | Crear | Villager (Male) |
| 17:27 | Crear | Villager (Male) |
| 17:29 | Construir | Farm |
| 17:32 | Construir | Farm |
| 17:36 | Construir | Farm |
| 17:37 | Crear | Villager (Male) |
| 17:37 | Crear | Villager (Male) |
| 17:50 | Crear | Villager (Male) |
| 17:53 | Construir | House |
| 18:05 | Crear | Villager (Male) |
| 18:05 | Crear | Villager (Male) |
| 18:05 | Crear | Villager (Male) |
| 18:28 | Crear | Villager (Male) |
| 18:29 | Crear | Villager (Male) |
| 18:30 | Crear | Villager (Male) |
| 18:30 | Crear | Villager (Male) |
| 18:31 | Crear | Villager (Male) |
| 18:39 | Crear | Villager (Male) |
| 18:39 | Crear | Villager (Male) |
| 18:56 | Construir | House |
| 18:57 | Construir | House |
| 19:03 | Construir | Farm |
| 19:05 | Construir | Farm |
| 19:10 | Investigar | Wheelbarrow |
| 19:11 | Investigar | Loom |
| 19:20 | Construir | Town Center |
| 19:24 | Crear | Villager (Male) |
| 19:25 | Crear | Villager (Male) |
| 19:31 | Construir | Farm |
| 19:34 | Crear | Villager (Male) |
| 19:34 | Crear | Villager (Male) |
| 19:35 | Crear | Villager (Male) |
| 19:40 | Construir | Farm |
| 19:44 | Construir | Farm |
| 19:44 | Crear | Villager (Male) |
| 19:45 | Crear | Villager (Male) |
| 19:46 | Construir | House |
| 19:50 | Crear | Villager (Male) |
| 19:50 | Crear | Villager (Male) |
| 19:58 | Crear | Villager (Male) |
| 19:59 | Crear | Villager (Male) |
| 20:02 | Crear | Villager (Male) |
| 20:02 | Crear | Villager (Male) |
| 20:04 | Construir | Lumber Camp |
| 20:09 | Crear | Villager (Male) |
| 20:09 | Crear | Villager (Male) |
| 20:14 | Construir | Farm |
| 20:21 | Crear | Villager (Male) |
| 20:24 | Construir | House |
| 20:25 | Construir | House |
| 20:28 | Crear | Villager (Male) |
| 20:31 | Construir | Farm |
| 20:32 | Construir | Farm |
| 20:32 | Construir | Farm |
| 20:32 | Construir | Farm |
| 20:33 | Construir | Farm |
| 20:43 | Crear | Villager (Male) |
| 20:44 | Crear | Villager (Male) |
| 20:51 | Crear | Villager (Male) |
| 20:51 | Crear | Villager (Male) |
| 20:53 | Crear | Villager (Male) |
| 20:53 | Crear | Villager (Male) |
| 20:53 | Crear | Villager (Male) |
Build order — 3409853472
Primeras 150 de 190 acciones detectadas
| 0:01 | Crear | Villager (Male) |
| 0:01 | Crear | Villager (Male) |
| 0:01 | Crear | Villager (Male) |
| 0:02 | Construir | House |
| 0:04 | Construir | House |
| 1:12 | Crear | Villager (Male) |
| 1:13 | Crear | Villager (Male) |
| 1:39 | Crear | Villager (Male) |
| 1:44 | Construir | House |
| 2:00 | Crear | Villager (Male) |
| 2:00 | Crear | Villager (Male) |
| 2:15 | Crear | Villager (Male) |
| 2:46 | Crear | Villager (Male) |
| 3:02 | Construir | Lumber Camp |
| 3:12 | Crear | Villager (Male) |
| 3:13 | Crear | Villager (Male) |
| 3:59 | Crear | Villager (Male) |
| 4:27 | Crear | Villager (Male) |
| 4:43 | Crear | Villager (Male) |
| 5:05 | Crear | Villager (Male) |
| 5:22 | Construir | Mill |
| 5:44 | Crear | Villager (Male) |
| 5:46 | Investigar | Loom |
| 6:37 | Investigar | Feudal Age |
| 7:30 | Construir | Mining Camp |
| 7:39 | Construir | House |
| 7:40 | Construir | House |
| 8:51 | Edad | Edad Feudal |
| 9:00 | Construir | Watch Tower |
| 9:05 | Investigar | Town Watch |
| 9:05 | Crear | Villager (Male) |
| 9:05 | Crear | Villager (Male) |
| 9:10 | Construir | Blacksmith |
| 9:46 | Investigar | Fletching |
| 9:49 | Crear | Villager (Male) |
| 10:03 | Construir | Watch Tower |
| 10:44 | Crear | Villager (Male) |
| 10:45 | Crear | Villager (Male) |
| 11:39 | Crear | Villager (Male) |
| 11:47 | Construir | Palisade Gate |
| 11:59 | Crear | Villager (Male) |
| 12:04 | Investigar | Horse Collar |
| 12:39 | Crear | Villager (Male) |
| 12:47 | Crear | Villager (Male) |
| 12:50 | Construir | Farm |
| 12:51 | Construir | Farm |
| 12:52 | Construir | Farm |
| 13:09 | Construir | Watch Tower |
| 13:17 | Crear | Villager (Male) |
| 13:20 | Construir | House |
| 13:44 | Crear | Villager (Male) |
| 13:46 | Construir | Farm |
| 13:55 | Crear | Villager (Male) |
| 13:58 | Construir | Farm |
| 14:23 | Construir | Watch Tower |
| 14:36 | Crear | Villager (Male) |
| 14:49 | Construir | Watch Tower |
| 14:56 | Crear | Villager (Male) |
| 14:59 | Construir | Farm |
| 15:46 | Crear | Villager (Male) |
| 15:46 | Crear | Villager (Male) |
| 15:49 | Construir | Mining Camp |
| 15:50 | Construir | House |
| 16:20 | Crear | Villager (Male) |
| 16:21 | Crear | Villager (Male) |
| 17:02 | Crear | Villager (Male) |
| 17:13 | Construir | Watch Tower |
| 17:23 | Crear | Villager (Male) |
| 17:51 | Crear | Villager (Male) |
| 17:53 | Construir | Farm |
| 17:53 | Construir | Farm |
| 18:31 | Crear | Villager (Male) |
| 18:31 | Crear | Villager (Male) |
| 19:02 | Crear | Villager (Male) |
| 19:06 | Construir | House |
| 19:14 | Construir | Barracks |
| 19:21 | Construir | Farm |
| 19:29 | Construir | Stone Wall |
| 19:33 | Construir | Stone Wall |
| 20:02 | Construir | Lumber Camp |
| 20:03 | Crear | Villager (Male) |
| 20:29 | Crear | Villager (Male) |
| 20:38 | Construir | Farm |
| 20:44 | Crear | Villager (Male) |
| 20:53 | Investigar | Double-Bit Axe |
| 20:56 | Crear | Villager (Male) |
| 21:26 | Construir | Market |
| 21:28 | Construir | House |
| 21:31 | Crear | Villager (Male) |
| 21:37 | Construir | Farm |
| 21:39 | Construir | Farm |
| 21:40 | Construir | Farm |
| 21:45 | Construir | Farm |
| 22:18 | Construir | Lumber Camp |
| 22:21 | Construir | Watch Tower |
| 22:28 | Construir | Watch Tower |
| 22:33 | Construir | House |
| 22:34 | Construir | House |
| 22:43 | Construir | House |
| 22:51 | Construir | Watch Tower |
| 22:55 | Construir | Palisade Gate |
| 22:58 | Construir | House |
| 23:14 | Investigar | Castle Age |
| 23:28 | Construir | House |
| 23:32 | Construir | House |
| 23:34 | Construir | House |
| 23:35 | Construir | House |
| 23:37 | Construir | House |
| 23:38 | Construir | House |
| 23:55 | Construir | Mill |
| 23:57 | Construir | Farm |
| 23:59 | Construir | Farm |
| 24:00 | Construir | Farm |
| 24:01 | Construir | Farm |
| 24:14 | Construir | Gate |
| 24:20 | Construir | Stone Wall |
| 24:26 | Construir | Gate |
| 25:05 | Construir | House |
| 25:07 | Construir | House |
| 25:08 | Construir | House |
| 25:10 | Construir | House |
| 25:24 | Crear | Villager (Male) |
| 25:24 | Crear | Villager (Male) |
| 25:25 | Crear | Villager (Male) |
| 25:26 | Crear | Villager (Male) |
| 25:29 | Crear | Villager (Male) |
| 25:54 | Edad | Edad de los Castillos |
| 25:59 | Construir | Town Center |
| 26:08 | Investigar | Bow Saw |
| 26:08 | Investigar | Heavy Plow |
| 26:22 | Construir | University |
| 26:31 | Construir | Town Center |
| 26:37 | Crear | Villager (Male) |
| 26:52 | Construir | Farm |
| 26:52 | Construir | Farm |
| 27:06 | Crear | Villager (Male) |
| 27:06 | Crear | Villager (Male) |
| 27:07 | Crear | Villager (Male) |
| 27:07 | Crear | Villager (Male) |
| 27:14 | Crear | Villager (Male) |
| 27:25 | Construir | Town Center |
| 27:37 | Construir | Farm |
| 27:40 | Construir | Farm |
| 27:43 | Construir | Farm |
| 27:46 | Construir | Farm |
| 27:48 | Construir | Farm |
| 27:50 | Crear | Villager (Male) |
| 27:52 | Construir | Farm |
| 27:55 | Crear | Villager (Male) |
| 27:56 | Crear | Villager (Male) |
Build order — 快樂 543
Primeras 150 de 208 acciones detectadas
| 0:01 | Crear | Villager (Male) |
| 0:02 | Crear | Villager (Male) |
| 0:02 | Crear | Villager (Male) |
| 0:02 | Crear | Villager (Male) |
| 0:03 | Construir | House |
| 0:06 | Construir | House |
| 1:37 | Crear | Villager (Male) |
| 1:37 | Crear | Villager (Male) |
| 1:38 | Crear | Villager (Male) |
| 1:38 | Crear | Villager (Male) |
| 2:36 | Crear | Villager (Male) |
| 2:36 | Crear | Villager (Male) |
| 2:41 | Construir | Lumber Camp |
| 3:21 | Crear | Villager (Male) |
| 3:21 | Crear | Villager (Male) |
| 3:30 | Construir | House |
| 3:58 | Construir | House |
| 4:01 | Crear | Villager (Male) |
| 4:02 | Crear | Villager (Male) |
| 4:02 | Crear | Villager (Male) |
| 4:02 | Crear | Villager (Male) |
| 4:27 | Construir | House |
| 4:48 | Crear | Villager (Male) |
| 4:48 | Crear | Villager (Male) |
| 5:13 | Crear | Villager (Male) |
| 5:31 | Crear | Villager (Male) |
| 5:31 | Crear | Villager (Male) |
| 6:12 | Crear | Villager (Male) |
| 6:28 | Construir | Mill |
| 6:32 | Crear | Villager (Male) |
| 6:33 | Crear | Villager (Male) |
| 6:33 | Crear | Villager (Male) |
| 6:58 | Crear | Villager (Male) |
| 7:18 | Construir | Mining Camp |
| 7:57 | Construir | Farm |
| 8:15 | Construir | Farm |
| 8:18 | Construir | Farm |
| 9:17 | Investigar | Feudal Age |
| 9:24 | Construir | Mining Camp |
| 11:08 | Crear | Villager (Male) |
| 11:08 | Crear | Villager (Male) |
| 11:15 | Crear | Villager (Male) |
| 11:27 | Edad | Edad Feudal |
| 11:31 | Construir | Market |
| 11:35 | Construir | Blacksmith |
| 12:10 | Investigar | Loom |
| 12:17 | Construir | House |
| 12:29 | Investigar | Castle Age |
| 12:49 | Investigar | Horse Collar |
| 13:06 | Investigar | Double-Bit Axe |
| 13:17 | Construir | Farm |
| 13:18 | Construir | Farm |
| 13:42 | Construir | Farm |
| 13:44 | Construir | Farm |
| 13:48 | Construir | Farm |
| 15:47 | Edad | Edad de los Castillos |
| 15:59 | Crear | Villager (Male) |
| 16:14 | Crear | Villager (Male) |
| 16:15 | Crear | Villager (Male) |
| 16:25 | Construir | Castle |
| 16:30 | Crear | Villager (Male) |
| 17:04 | Investigar | Padded Archer Armor |
| 17:21 | Construir | Farm |
| 17:23 | Crear | Villager (Male) |
| 17:25 | Investigar | Town Watch |
| 17:35 | Construir | Mining Camp |
| 17:38 | Crear | Conquistador |
| 17:40 | Crear | Petard |
| 17:42 | Crear | Petard |
| 17:42 | Crear | Conquistador |
| 17:58 | Construir | Farm |
| 18:01 | Construir | Farm |
| 18:24 | Crear | Conquistador |
| 18:24 | Crear | Conquistador |
| 18:25 | Crear | Conquistador |
| 18:28 | Crear | Villager (Male) |
| 18:28 | Crear | Villager (Male) |
| 18:36 | Construir | Farm |
| 18:41 | Crear | Villager (Male) |
| 18:41 | Crear | Villager (Male) |
| 19:05 | Crear | Conquistador |
| 19:31 | Crear | Villager (Male) |
| 19:31 | Crear | Villager (Male) |
| 19:31 | Crear | Villager (Male) |
| 19:55 | Crear | Conquistador |
| 19:56 | Crear | Villager (Male) |
| 20:07 | Construir | Farm |
| 20:31 | Construir | Farm |
| 20:51 | Crear | Conquistador |
| 20:51 | Crear | Conquistador |
| 20:51 | Crear | Conquistador |
| 21:24 | Construir | Farm |
| 21:35 | Construir | Barracks |
| 21:37 | Construir | House |
| 21:40 | Crear | Villager (Male) |
| 21:41 | Crear | Villager (Male) |
| 21:42 | Crear | Villager (Male) |
| 22:12 | Crear | Villager (Male) |
| 22:15 | Investigar | Leather Archer Armor |
| 22:21 | Construir | Stable |
| 22:24 | Construir | Farm |
| 23:13 | Crear | Villager (Male) |
| 23:19 | Construir | Town Center |
| 23:35 | Investigar | Bloodlines |
| 24:10 | Crear | Villager (Male) |
| 24:10 | Crear | Villager (Male) |
| 24:10 | Crear | Villager (Male) |
| 24:10 | Crear | Villager (Male) |
| 24:11 | Crear | Villager (Male) |
| 24:13 | Investigar | Gold Mining |
| 25:06 | Crear | Villager (Male) |
| 25:12 | Crear | Villager (Male) |
| 25:12 | Crear | Villager (Male) |
| 25:12 | Crear | Villager (Male) |
| 25:12 | Crear | Villager (Male) |
| 25:15 | Construir | Farm |
| 25:15 | Construir | Farm |
| 25:16 | Construir | Farm |
| 25:16 | Construir | Farm |
| 25:16 | Construir | Farm |
| 25:16 | Construir | Farm |
| 25:19 | Crear | Villager (Male) |
| 25:40 | Crear | Villager (Male) |
| 25:40 | Crear | Villager (Male) |
| 25:40 | Crear | Villager (Male) |
| 25:40 | Crear | Villager (Male) |
| 25:48 | Investigar | Wheelbarrow |
| 26:16 | Crear | Villager (Male) |
| 26:17 | Crear | Villager (Male) |
| 26:17 | Crear | Villager (Male) |
| 27:13 | Investigar | Imperial Age |
| 27:24 | Construir | Town Center |
| 27:30 | Crear | Villager (Male) |
| 27:31 | Crear | Villager (Male) |
| 27:31 | Crear | Villager (Male) |
| 27:31 | Crear | Villager (Male) |
| 27:59 | Crear | Villager (Male) |
| 27:59 | Crear | Villager (Male) |
| 28:31 | Crear | Conquistador |
| 28:31 | Crear | Conquistador |
| 28:31 | Crear | Conquistador |
| 28:34 | Investigar | Fletching |
| 28:56 | Investigar | Wheelbarrow |
| 29:09 | Construir | Farm |
| 29:10 | Construir | Farm |
| 29:20 | Investigar | Stone Mining |
| 29:28 | Crear | Villager (Male) |
| 29:28 | Crear | Villager (Male) |
| 29:29 | Crear | Villager (Male) |
| 30:10 | Construir | Town Center |
Build order — Red Paladin
Primeras 150 de 336 acciones detectadas
| 0:03 | Crear | Villager (Male) |
| 0:04 | Crear | Villager (Male) |
| 0:05 | Construir | House |
| 0:06 | Construir | House |
| 0:27 | Crear | Villager (Male) |
| 0:28 | Crear | Villager (Male) |
| 1:38 | Crear | Villager (Male) |
| 1:39 | Crear | Villager (Male) |
| 2:34 | Crear | Villager (Male) |
| 2:50 | Crear | Villager (Male) |
| 2:52 | Construir | Lumber Camp |
| 2:55 | Crear | Villager (Male) |
| 3:03 | Crear | Villager (Male) |
| 3:03 | Crear | Villager (Male) |
| 3:14 | Construir | House |
| 3:43 | Crear | Villager (Male) |
| 3:43 | Crear | Villager (Male) |
| 3:43 | Crear | Villager (Male) |
| 4:45 | Crear | Villager (Male) |
| 4:50 | Construir | House |
| 5:32 | Construir | Mill |
| 5:57 | Crear | Villager (Male) |
| 5:57 | Crear | Villager (Male) |
| 6:11 | Crear | Villager (Male) |
| 6:24 | Crear | Villager (Male) |
| 6:25 | Crear | Villager (Male) |
| 7:58 | Crear | Villager (Male) |
| 8:05 | Construir | Mining Camp |
| 8:22 | Crear | Villager (Male) |
| 8:23 | Investigar | Feudal Age |
| 9:14 | Crear | Villager (Male) |
| 9:14 | Crear | Villager (Male) |
| 10:51 | Construir | House |
| 11:02 | Edad | Edad Feudal |
| 11:06 | Construir | Market |
| 11:12 | Construir | Blacksmith |
| 11:27 | Construir | Mining Camp |
| 11:31 | Investigar | Loom |
| 12:14 | Investigar | Castle Age |
| 12:36 | Crear | Villager (Male) |
| 12:37 | Crear | Villager (Male) |
| 12:44 | Investigar | Double-Bit Axe |
| 12:44 | Investigar | Double-Bit Axe |
| 13:26 | Crear | Villager (Male) |
| 13:49 | Crear | Villager (Male) |
| 14:27 | Investigar | Horse Collar |
| 14:57 | Edad | Edad de los Castillos |
| 14:58 | Investigar | Bow Saw |
| 15:04 | Construir | Town Center |
| 15:10 | Crear | Villager (Male) |
| 15:28 | Crear | Villager (Male) |
| 15:35 | Construir | Farm |
| 15:45 | Construir | Farm |
| 15:54 | Construir | Farm |
| 16:13 | Construir | House |
| 16:15 | Crear | Villager (Male) |
| 16:17 | Construir | Farm |
| 16:26 | Construir | Farm |
| 16:30 | Crear | Villager (Male) |
| 16:54 | Construir | House |
| 16:55 | Construir | House |
| 17:06 | Construir | Castle |
| 17:18 | Construir | House |
| 17:24 | Crear | Villager (Male) |
| 17:24 | Crear | Villager (Male) |
| 17:24 | Crear | Villager (Male) |
| 17:45 | Construir | Stone Wall |
| 17:53 | Crear | Villager (Male) |
| 17:54 | Crear | Villager (Male) |
| 17:59 | Construir | Farm |
| 18:01 | Construir | Farm |
| 18:08 | Crear | Villager (Male) |
| 18:24 | Construir | Town Center |
| 18:28 | Crear | Villager (Male) |
| 18:32 | Crear | Villager (Male) |
| 18:38 | Construir | House |
| 18:58 | Construir | Farm |
| 19:10 | Construir | Farm |
| 19:10 | Construir | Farm |
| 19:11 | Construir | Farm |
| 19:13 | Crear | Villager (Male) |
| 19:13 | Crear | Villager (Male) |
| 19:13 | Crear | Villager (Male) |
| 19:36 | Construir | Farm |
| 19:36 | Construir | Farm |
| 19:38 | Crear | Villager (Male) |
| 19:39 | Crear | Villager (Male) |
| 19:39 | Crear | Villager (Male) |
| 19:46 | Construir | Farm |
| 19:51 | Construir | Farm |
| 20:02 | Crear | Villager (Male) |
| 20:22 | Construir | Farm |
| 20:26 | Crear | Villager (Male) |
| 20:28 | Crear | Villager (Male) |
| 20:30 | Construir | Farm |
| 20:56 | Crear | Villager (Male) |
| 20:56 | Crear | Villager (Male) |
| 20:57 | Crear | Villager (Male) |
| 20:57 | Crear | Villager (Male) |
| 20:57 | Crear | Villager (Male) |
| 21:05 | Construir | Farm |
| 21:05 | Construir | Farm |
| 21:06 | Construir | Farm |
| 21:09 | Construir | Farm |
| 21:23 | Crear | Villager (Male) |
| 21:23 | Crear | Villager (Male) |
| 21:24 | Crear | Villager (Male) |
| 21:24 | Crear | Villager (Male) |
| 21:34 | Construir | Town Center |
| 21:35 | Construir | Farm |
| 21:35 | Construir | Farm |
| 21:35 | Construir | Farm |
| 21:36 | Construir | Farm |
| 21:38 | Crear | Villager (Male) |
| 21:38 | Crear | Villager (Male) |
| 21:38 | Crear | Villager (Male) |
| 21:47 | Crear | Villager (Male) |
| 21:48 | Crear | Villager (Male) |
| 21:51 | Crear | Villager (Male) |
| 21:57 | Investigar | Gold Mining |
| 22:23 | Construir | Farm |
| 22:23 | Construir | Farm |
| 22:23 | Construir | Farm |
| 22:23 | Construir | Farm |
| 22:23 | Construir | Farm |
| 22:25 | Crear | Villager (Male) |
| 22:25 | Crear | Villager (Male) |
| 22:26 | Crear | Villager (Male) |
| 22:26 | Crear | Villager (Male) |
| 22:26 | Crear | Villager (Male) |
| 22:26 | Crear | Villager (Male) |
| 22:27 | Crear | Villager (Male) |
| 22:43 | Construir | Farm |
| 22:43 | Construir | Farm |
| 22:52 | Crear | Villager (Male) |
| 22:58 | Investigar | Wheelbarrow |
| 23:02 | Construir | Farm |
| 23:05 | Crear | Villager (Male) |
| 23:05 | Crear | Villager (Male) |
| 23:05 | Crear | Villager (Male) |
| 23:30 | Construir | Farm |
| 23:31 | Crear | Villager (Male) |
| 23:32 | Crear | Villager (Male) |
| 23:32 | Crear | Villager (Male) |
| 23:32 | Crear | Villager (Male) |
| 23:33 | Crear | Villager (Male) |
| 23:33 | Crear | Villager (Male) |
| 23:48 | Construir | Farm |
| 23:48 | Construir | Farm |
| 23:51 | Construir | Farm |
Build order — LuLALa
Primeras 150 de 394 acciones detectadas
| 0:01 | Crear | Villager (Male) |
| 0:02 | Crear | Villager (Male) |
| 0:02 | Crear | Villager (Male) |
| 0:02 | Crear | Villager (Male) |
| 0:02 | Crear | Villager (Male) |
| 0:03 | Construir | House |
| 0:05 | Construir | House |
| 1:35 | Crear | Villager (Male) |
| 1:55 | Construir | Lumber Camp |
| 2:08 | Crear | Villager (Male) |
| 2:23 | Crear | Villager (Male) |
| 2:51 | Crear | Villager (Male) |
| 3:09 | Crear | Villager (Male) |
| 3:09 | Crear | Villager (Male) |
| 3:38 | Crear | Villager (Male) |
| 3:38 | Crear | Villager (Male) |
| 3:56 | Construir | House |
| 3:57 | Construir | House |
| 3:58 | Construir | House |
| 4:08 | Crear | Villager (Male) |
| 4:09 | Crear | Villager (Male) |
| 4:09 | Crear | Villager (Male) |
| 4:46 | Crear | Villager (Male) |
| 4:46 | Crear | Villager (Male) |
| 4:53 | Crear | Villager (Male) |
| 4:53 | Crear | Villager (Male) |
| 5:11 | Construir | Mill |
| 5:15 | Crear | Villager (Male) |
| 5:17 | Crear | Villager (Male) |
| 5:48 | Crear | Villager (Male) |
| 6:13 | Crear | Villager (Male) |
| 6:26 | Crear | Villager (Male) |
| 6:26 | Crear | Villager (Male) |
| 6:36 | Crear | Villager (Male) |
| 6:36 | Crear | Villager (Male) |
| 6:56 | Crear | Villager (Male) |
| 6:56 | Crear | Villager (Male) |
| 7:15 | Construir | Farm |
| 7:24 | Crear | Villager (Male) |
| 7:25 | Crear | Villager (Male) |
| 7:25 | Crear | Villager (Male) |
| 7:37 | Crear | Villager (Male) |
| 7:37 | Crear | Villager (Male) |
| 7:39 | Construir | Farm |
| 7:47 | Crear | Villager (Male) |
| 7:48 | Crear | Villager (Male) |
| 8:04 | Crear | Villager (Male) |
| 8:04 | Crear | Villager (Male) |
| 8:09 | Construir | Farm |
| 8:20 | Crear | Villager (Male) |
| 8:51 | Construir | Mining Camp |
| 8:57 | Construir | Farm |
| 9:12 | Investigar | Feudal Age |
| 10:19 | Construir | Farm |
| 11:22 | Crear | Villager (Male) |
| 11:23 | Edad | Edad Feudal |
| 11:24 | Construir | Blacksmith |
| 11:29 | Construir | Market |
| 11:31 | Crear | Villager (Male) |
| 12:12 | Construir | House |
| 12:22 | Construir | Lumber Camp |
| 12:25 | Investigar | Castle Age |
| 12:25 | Investigar | Castle Age |
| 13:13 | Investigar | Horse Collar |
| 13:14 | Investigar | Horse Collar |
| 13:14 | Investigar | Double-Bit Axe |
| 13:29 | Construir | House |
| 13:30 | Construir | House |
| 13:31 | Construir | House |
| 14:36 | Crear | Villager (Male) |
| 14:39 | Construir | Farm |
| 14:52 | Crear | Villager (Male) |
| 15:04 | Construir | House |
| 15:05 | Edad | Edad de los Castillos |
| 15:08 | Construir | Town Center |
| 15:09 | Crear | Villager (Male) |
| 15:09 | Crear | Villager (Male) |
| 15:14 | Construir | Town Center |
| 15:17 | Investigar | Bow Saw |
| 15:18 | Investigar | Heavy Plow |
| 15:58 | Construir | House |
| 16:01 | Crear | Villager (Male) |
| 16:05 | Crear | Villager (Male) |
| 16:15 | Construir | Farm |
| 16:19 | Crear | Villager (Male) |
| 16:23 | Construir | Farm |
| 16:24 | Construir | Farm |
| 16:31 | Construir | House |
| 16:33 | Crear | Villager (Male) |
| 16:33 | Crear | Villager (Male) |
| 16:39 | Construir | Farm |
| 16:42 | Construir | Farm |
| 16:46 | Construir | Farm |
| 17:13 | Crear | Villager (Male) |
| 17:14 | Crear | Villager (Male) |
| 17:17 | Construir | Farm |
| 17:18 | Construir | Farm |
| 17:19 | Construir | Farm |
| 17:20 | Crear | Villager (Male) |
| 17:25 | Crear | Villager (Male) |
| 17:25 | Crear | Villager (Male) |
| 17:25 | Crear | Villager (Male) |
| 17:30 | Construir | Monastery |
| 17:33 | Construir | Farm |
| 17:35 | Crear | Villager (Male) |
| 17:35 | Crear | Villager (Male) |
| 17:41 | Crear | Villager (Male) |
| 17:42 | Crear | Villager (Male) |
| 17:44 | Construir | Farm |
| 17:45 | Construir | Farm |
| 17:55 | Construir | Farm |
| 18:02 | Crear | Villager (Male) |
| 18:02 | Crear | Villager (Male) |
| 18:07 | Crear | Villager (Male) |
| 18:10 | Construir | House |
| 18:12 | Construir | House |
| 18:13 | Construir | House |
| 18:22 | Crear | Monk |
| 18:25 | Crear | Villager (Male) |
| 18:26 | Crear | Villager (Male) |
| 18:37 | Construir | Farm |
| 18:38 | Construir | Farm |
| 18:40 | Crear | Villager (Male) |
| 18:40 | Crear | Villager (Male) |
| 18:44 | Construir | Farm |
| 18:46 | Construir | Farm |
| 18:51 | Construir | Farm |
| 18:54 | Construir | House |
| 19:03 | Crear | Villager (Male) |
| 19:04 | Crear | Villager (Male) |
| 19:04 | Crear | Villager (Male) |
| 19:08 | Crear | Villager (Male) |
| 19:08 | Crear | Villager (Male) |
| 19:11 | Construir | Farm |
| 19:14 | Construir | Farm |
| 19:17 | Crear | Villager (Male) |
| 19:17 | Crear | Villager (Male) |
| 19:28 | Crear | Villager (Male) |
| 19:28 | Crear | Villager (Male) |
| 19:28 | Crear | Villager (Male) |
| 19:31 | Construir | Farm |
| 19:32 | Construir | Farm |
| 19:34 | Crear | Villager (Male) |
| 19:34 | Crear | Villager (Male) |
| 19:44 | Crear | Villager (Male) |
| 19:46 | Crear | Villager (Male) |
| 19:46 | Crear | Villager (Male) |
| 19:56 | Construir | Farm |
| 19:57 | Crear | Villager (Male) |
| 19:58 | Crear | Villager (Male) |
Build order — sdk
Primeras 150 de 211 acciones detectadas
| 0:02 | Crear | Villager (Male) |
| 0:03 | Investigar | Loom |
| 0:04 | Crear | Villager (Male) |
| 0:04 | Crear | Villager (Male) |
| 0:17 | Construir | House |
| 0:18 | Construir | House |
| 0:19 | Construir | House |
| 0:24 | Crear | Villager (Male) |
| 0:47 | Construir | House |
| 1:26 | Crear | Villager (Male) |
| 1:26 | Crear | Villager (Male) |
| 2:17 | Crear | Villager (Male) |
| 2:17 | Crear | Villager (Male) |
| 2:47 | Crear | Villager (Male) |
| 2:54 | Crear | Villager (Male) |
| 3:42 | Crear | Villager (Male) |
| 3:42 | Crear | Villager (Male) |
| 4:26 | Crear | Villager (Male) |
| 4:53 | Crear | Villager (Male) |
| 4:53 | Crear | Villager (Male) |
| 5:16 | Crear | Villager (Male) |
| 5:27 | Construir | Mill |
| 5:33 | Crear | Villager (Male) |
| 6:21 | Crear | Villager (Male) |
| 6:39 | Construir | Lumber Camp |
| 6:39 | Crear | Villager (Male) |
| 7:29 | Investigar | Feudal Age |
| 9:31 | Construir | House |
| 9:32 | Construir | House |
| 9:43 | Edad | Edad Feudal |
| 9:45 | Crear | Villager (Male) |
| 9:46 | Investigar | Horse Collar |
| 9:47 | Investigar | Double-Bit Axe |
| 9:52 | Crear | Villager (Male) |
| 10:37 | Crear | Villager (Male) |
| 10:38 | Crear | Villager (Male) |
| 10:38 | Crear | Villager (Male) |
| 10:38 | Crear | Villager (Male) |
| 10:39 | Crear | Villager (Male) |
| 10:39 | Crear | Villager (Male) |
| 10:39 | Crear | Villager (Male) |
| 10:40 | Crear | Villager (Male) |
| 10:57 | Construir | Market |
| 10:59 | Crear | Villager (Male) |
| 11:05 | Construir | Farm |
| 11:06 | Construir | Farm |
| 11:06 | Construir | Farm |
| 11:07 | Construir | Farm |
| 11:07 | Construir | Farm |
| 11:08 | Construir | Farm |
| 11:08 | Construir | Farm |
| 11:18 | Crear | Villager (Male) |
| 11:35 | Construir | Farm |
| 11:39 | Construir | Farm |
| 11:51 | Crear | Villager (Male) |
| 11:57 | Crear | Villager (Male) |
| 12:10 | Construir | Farm |
| 12:41 | Crear | Villager (Male) |
| 12:52 | Construir | Blacksmith |
| 13:00 | Construir | House |
| 13:01 | Construir | Blacksmith |
| 13:02 | Crear | Villager (Male) |
| 13:06 | Construir | Farm |
| 13:08 | Construir | Mill |
| 13:09 | Construir | Farm |
| 13:56 | Crear | Villager (Male) |
| 14:09 | Investigar | Castle Age |
| 14:10 | Investigar | Castle Age |
| 14:25 | Construir | Mining Camp |
| 14:45 | Crear | Villager (Male) |
| 16:45 | Crear | Villager (Male) |
| 17:02 | Edad | Edad de los Castillos |
| 17:11 | Crear | Villager (Male) |
| 17:13 | Investigar | Bow Saw |
| 17:14 | Investigar | Heavy Plow |
| 17:19 | Construir | Town Center |
| 17:23 | Investigar | Wheelbarrow |
| 17:32 | Construir | Town Center |
| 17:46 | Construir | Town Center |
| 17:54 | Crear | Villager (Male) |
| 18:27 | Crear | Villager (Male) |
| 18:45 | Crear | Villager (Male) |
| 18:46 | Crear | Villager (Male) |
| 18:47 | Crear | Villager (Male) |
| 19:19 | Construir | Town Center |
| 19:23 | Crear | Villager (Male) |
| 19:24 | Crear | Villager (Male) |
| 19:26 | Construir | Farm |
| 19:28 | Crear | Villager (Male) |
| 19:29 | Crear | Villager (Male) |
| 19:29 | Crear | Villager (Male) |
| 19:39 | Construir | Lumber Camp |
| 19:53 | Construir | Farm |
| 19:55 | Construir | Farm |
| 19:56 | Construir | Farm |
| 19:57 | Construir | Farm |
| 20:01 | Crear | Villager (Male) |
| 20:02 | Crear | Villager (Male) |
| 20:02 | Crear | Villager (Male) |
| 20:02 | Crear | Villager (Male) |
| 20:05 | Construir | Farm |
| 20:09 | Crear | Villager (Male) |
| 20:09 | Crear | Villager (Male) |
| 20:10 | Crear | Villager (Male) |
| 20:10 | Crear | Villager (Male) |
| 20:22 | Construir | Farm |
| 20:27 | Crear | Villager (Male) |
| 20:27 | Crear | Villager (Male) |
| 20:40 | Construir | Monastery |
| 20:40 | Crear | Villager (Male) |
| 20:40 | Crear | Villager (Male) |
| 20:49 | Crear | Villager (Male) |
| 20:50 | Crear | Villager (Male) |
| 20:58 | Construir | Gate |
| 21:07 | Construir | Palisade Gate |
| 21:13 | Construir | Stone Wall |
| 21:17 | Crear | Villager (Male) |
| 21:17 | Crear | Villager (Male) |
| 21:30 | Construir | Stone Wall |
| 21:32 | Crear | Villager (Male) |
| 21:32 | Crear | Villager (Male) |
| 21:33 | Crear | Villager (Male) |
| 21:34 | Crear | Monk |
| 21:35 | Crear | Monk |
| 21:39 | Crear | Villager (Male) |
| 21:39 | Crear | Villager (Male) |
| 21:43 | Construir | Siege Workshop |
| 21:48 | Crear | Villager (Male) |
| 22:00 | Construir | Stone Wall |
| 22:06 | Crear | Villager (Male) |
| 22:06 | Crear | Villager (Male) |
| 22:11 | Crear | Scorpion |
| 22:11 | Crear | Scorpion |
| 22:15 | Construir | Farm |
| 22:21 | Construir | House |
| 22:22 | Construir | House |
| 22:22 | Construir | House |
| 22:26 | Crear | Battering Ram |
| 23:14 | Construir | Stone Wall |
| 23:22 | Crear | Villager (Male) ×5 |
| 23:56 | Crear | Villager (Male) |
| 23:56 | Crear | Villager (Male) |
| 23:57 | Crear | Villager (Male) |
| 24:11 | Construir | University |
| 24:20 | Crear | Villager (Male) |
| 24:35 | Crear | Monk |
| 24:36 | Crear | Monk |
| 24:43 | Crear | Villager (Male) ×2 |
| 24:44 | Construir | Farm |
| 24:45 | Construir | Farm |
Build order — ಥ_ಥ
Primeras 150 de 255 acciones detectadas
| 0:01 | Crear | Villager (Male) |
| 0:01 | Crear | Villager (Male) |
| 0:01 | Crear | Villager (Male) |
| 0:01 | Crear | Villager (Male) |
| 0:01 | Crear | Villager (Male) |
| 0:03 | Construir | House |
| 0:07 | Construir | House |
| 1:25 | Crear | Villager (Male) |
| 1:25 | Crear | Villager (Male) |
| 1:51 | Construir | Lumber Camp |
| 2:01 | Crear | Villager (Male) |
| 2:22 | Crear | Villager (Male) |
| 2:47 | Crear | Villager (Male) |
| 3:15 | Crear | Villager (Male) |
| 3:15 | Crear | Villager (Male) |
| 3:25 | Construir | House |
| 3:25 | Construir | House |
| 4:07 | Crear | Villager (Male) |
| 4:12 | Crear | Villager (Male) |
| 4:40 | Construir | Mill |
| 4:45 | Crear | Villager (Male) |
| 4:51 | Crear | Villager (Male) |
| 5:02 | Crear | Villager (Male) |
| 5:34 | Crear | Villager (Male) |
| 5:35 | Crear | Villager (Male) |
| 5:49 | Crear | Villager (Male) |
| 6:05 | Crear | Villager (Male) |
| 6:09 | Investigar | Loom |
| 7:29 | Crear | Villager (Male) |
| 7:29 | Investigar | Loom |
| 8:03 | Construir | Mining Camp |
| 8:05 | Investigar | Feudal Age |
| 9:16 | Construir | House |
| 9:23 | Crear | Villager (Male) |
| 9:23 | Crear | Villager (Male) |
| 10:07 | Construir | House |
| 10:32 | Edad | Edad Feudal |
| 10:39 | Construir | Market |
| 10:41 | Construir | Blacksmith |
| 10:43 | Construir | Stone Wall |
| 10:45 | Construir | Stone Wall |
| 10:49 | Construir | Stone Wall |
| 11:34 | Investigar | Castle Age |
| 11:35 | Investigar | Castle Age |
| 12:17 | Investigar | Gold Mining |
| 12:18 | Investigar | Double-Bit Axe |
| 12:31 | Construir | Stone Wall |
| 12:35 | Construir | Stone Wall |
| 12:51 | Construir | House |
| 12:53 | Construir | Stone Wall |
| 13:16 | Construir | Stone Wall |
| 13:18 | Construir | Stone Wall |
| 13:31 | Construir | Stone Wall |
| 13:33 | Construir | Stone Wall |
| 13:45 | Crear | Villager (Male) |
| 13:46 | Crear | Villager (Male) |
| 13:46 | Crear | Villager (Male) |
| 13:46 | Crear | Villager (Male) |
| 13:49 | Construir | House |
| 14:14 | Edad | Edad de los Castillos |
| 14:17 | Construir | Siege Workshop |
| 14:21 | Construir | House |
| 14:32 | Construir | Farm |
| 14:33 | Construir | Farm |
| 14:35 | Construir | Farm |
| 14:44 | Construir | Stone Wall |
| 14:45 | Construir | Stone Wall |
| 14:52 | Crear | Mangonel |
| 15:14 | Construir | Farm |
| 15:23 | Crear | Mangonel |
| 15:23 | Crear | Villager (Male) |
| 15:59 | Crear | Villager (Male) |
| 15:59 | Crear | Villager (Male) |
| 16:36 | Crear | Villager (Male) |
| 16:50 | Crear | Mangonel |
| 17:05 | Construir | Barracks |
| 17:27 | Crear | Villager (Male) |
| 17:32 | Construir | House |
| 17:54 | Crear | Villager (Male) |
| 18:07 | Construir | Archery Range |
| 18:39 | Crear | Villager (Male) |
| 19:21 | Construir | Archery Range |
| 19:29 | Construir | House |
| 19:32 | Crear | Villager (Male) |
| 19:38 | Construir | Farm |
| 19:39 | Construir | Farm |
| 19:40 | Construir | Farm |
| 19:41 | Construir | Farm |
| 19:41 | Construir | Farm |
| 19:43 | Construir | Farm |
| 19:51 | Construir | Farm |
| 19:53 | Construir | Farm |
| 19:57 | Crear | Villager (Male) |
| 19:58 | Crear | Cavalry Archer |
| 19:58 | Crear | Cavalry Archer |
| 20:13 | Construir | Mining Camp |
| 20:26 | Crear | Cavalry Archer |
| 20:29 | Crear | Villager (Male) |
| 20:42 | Crear | Cavalry Archer |
| 20:49 | Crear | Villager (Male) |
| 21:00 | Construir | Farm |
| 21:11 | Crear | Villager (Male) |
| 21:12 | Crear | Cavalry Archer |
| 21:12 | Crear | Cavalry Archer |
| 21:24 | Crear | Cavalry Archer |
| 21:25 | Crear | Villager (Male) |
| 21:31 | Construir | House |
| 21:39 | Construir | Farm |
| 21:52 | Construir | House |
| 22:08 | Crear | Villager (Male) |
| 22:09 | Crear | Cavalry Archer |
| 22:10 | Crear | Cavalry Archer |
| 22:13 | Construir | Farm |
| 22:26 | Investigar | Fletching |
| 22:30 | Construir | House |
| 22:33 | Construir | Farm |
| 22:36 | Construir | Farm |
| 22:37 | Construir | Farm |
| 22:38 | Construir | Farm |
| 22:43 | Crear | Villager (Male) |
| 22:44 | Crear | Cavalry Archer |
| 22:45 | Crear | Cavalry Archer |
| 23:04 | Crear | Villager (Male) |
| 23:05 | Crear | Cavalry Archer |
| 23:17 | Construir | Farm |
| 23:29 | Crear | Villager (Male) |
| 23:32 | Crear | Villager (Male) |
| 23:48 | Construir | Mining Camp |
| 24:02 | Investigar | Bodkin Arrow |
| 24:05 | Crear | Villager (Male) |
| 24:05 | Crear | Villager (Male) |
| 24:10 | Crear | Cavalry Archer |
| 24:10 | Crear | Cavalry Archer |
| 24:22 | Construir | Stable |
| 24:30 | Crear | Villager (Male) |
| 24:34 | Crear | Villager (Male) |
| 24:41 | Construir | Farm |
| 24:54 | Crear | Villager (Male) |
| 24:56 | Crear | Cavalry Archer |
| 25:25 | Construir | Lumber Camp |
| 25:29 | Construir | House |
| 25:30 | Construir | House |
| 25:33 | Crear | Villager (Male) |
| 25:53 | Crear | Villager (Male) |
| 26:00 | Crear | Battering Ram |
| 26:23 | Crear | Cavalry Archer |
| 26:23 | Crear | Cavalry Archer |
| 26:23 | Crear | Villager (Male) |
| 26:45 | Crear | Villager (Male) |
| 26:50 | Crear | Villager (Male) |
Cronología de la partida
| 8:51 | 3409853472 · age_up feudal |
| 9:43 | sdk · age_up feudal |
| 10:31 | jwL · age_up feudal |
| 10:32 | ಥ_ಥ · age_up feudal |
| 10:43 | ಥ_ಥ · wall_segment Stone Wall x1 |
| 10:45 | ಥ_ಥ · wall_segment Stone Wall x1 |
| 10:49 | ಥ_ಥ · wall_segment Stone Wall x4 |
| 10:56 | 玉祥(群主菜鸡) · age_up feudal |
| 11:02 | Red Paladin · age_up feudal |
| 11:23 | LuLALa · age_up feudal |
| 11:27 | 快樂 543 · age_up feudal |
| 11:34 | ಥ_ಥ · first_market_sell 100 stone |
| 12:31 | ಥ_ಥ · wall_segment Stone Wall x4 |
| 12:35 | ಥ_ಥ · wall_segment Stone Wall x3 |
| 12:53 | ಥ_ಥ · wall_segment Stone Wall x1 |
| 13:16 | ಥ_ಥ · wall_segment Stone Wall x3 |
| 13:18 | ಥ_ಥ · wall_segment Stone Wall x1 |
| 13:31 | ಥ_ಥ · wall_segment Stone Wall x1 |
| 13:33 | ಥ_ಥ · wall_segment Stone Wall x1 |
| 14:00 | sdk · first_market_sell 100 wood |
| 14:01 | jwL · age_up castle |
| 14:02 | sdk · first_market_buy 100 food |
| 14:14 | ಥ_ಥ · age_up castle |
| 14:17 | ಥ_ಥ · first_building Siege Workshop |
| 14:31 | 玉祥(群主菜鸡) · age_up castle |
| 14:44 | ಥ_ಥ · wall_segment Stone Wall x1 |
| 14:45 | ಥ_ಥ · wall_segment Stone Wall x1 |
| 14:57 | Red Paladin · age_up castle |
| 15:05 | LuLALa · age_up castle |
| 15:26 | Red Paladin · first_market_buy 100 food |
| 15:47 | 快樂 543 · age_up castle |
| 16:25 | 快樂 543 · first_building Castle |
| 16:47 | jwL · first_building Barracks |
| 17:02 | sdk · age_up castle |
| 17:05 | ಥ_ಥ · first_building Barracks |
| 17:06 | Red Paladin · first_building Castle |
| 17:24 | LuLALa · first_market_buy 100 food |
| 17:30 | LuLALa · first_building Monastery |
| 17:39 | jwL · first_building Stable |
| 17:45 | Red Paladin · wall_segment Stone Wall x8 |
| 18:07 | ಥ_ಥ · first_building Archery Range |
| 18:29 | jwL · first_market_buy 100 food |
| 19:14 | 3409853472 · first_building Barracks |
| 19:29 | 3409853472 · wall_segment Stone Wall x4 |
| 19:33 | 3409853472 · wall_segment Stone Wall x5 |
| 20:40 | sdk · first_building Monastery |
| 21:13 | sdk · wall_segment Stone Wall x1 |
| 21:22 | jwL · first_market_sell 100 wood |
| 21:30 | sdk · wall_segment Stone Wall x1 |
| 21:35 | 快樂 543 · first_building Barracks |
| 21:43 | sdk · first_building Siege Workshop |
| 22:00 | sdk · wall_segment Stone Wall x4 |
| 22:21 | 快樂 543 · first_building Stable |
| 23:14 | sdk · wall_segment Stone Wall x3 |
| 23:37 | 玉祥(群主菜鸡) · first_building Siege Workshop |
| 23:53 | jwL · first_building Archery Range |
| 24:20 | 3409853472 · wall_segment Stone Wall x1 |
| 24:22 | ಥ_ಥ · first_building Stable |
| 24:28 | LuLALa · first_market_sell 100 food |
| 24:38 | 玉祥(群主菜鸡) · first_building Barracks |
| 24:55 | LuLALa · first_building Barracks |
| 25:20 | 玉祥(群主菜鸡) · first_building Stable |
| 25:54 | 3409853472 · age_up castle |
| 26:01 | jwL · first_building Castle |
| 26:11 | 玉祥(群主菜鸡) · first_building Castle |
| 26:26 | 玉祥(群主菜鸡) · wall_segment Palisade Wall x1 |
| 26:43 | 玉祥(群主菜鸡) · wall_segment Palisade Wall x1 |
| 26:44 | Red Paladin · first_building Barracks |
| 26:45 | LuLALa · first_building Stable |
| 27:02 | Red Paladin · first_market_sell 100 wood |
| 27:09 | 快樂 543 · first_market_buy 100 food |
| 27:45 | sdk · wall_segment Stone Wall x1 |
| 27:53 | Red Paladin · first_building Stable |
| 28:04 | LuLALa · first_building Castle |
| 28:12 | LuLALa · age_up imperial |
| 28:17 | jwL · first_building Monastery |
| 28:31 | 玉祥(群主菜鸡) · age_up imperial |
| 28:34 | 3409853472 · first_building Siege Workshop |
| 28:36 | jwL · first_building Siege Workshop |
| 28:38 | 3409853472 · first_market_buy 100 stone |
| 28:56 | 玉祥(群主菜鸡) · first_market_sell 100 food |
| 29:46 | 3409853472 · first_market_sell 100 food |
| 29:56 | 3409853472 · first_building Castle |
| 30:23 | 快樂 543 · age_up imperial |
| 30:47 | Red Paladin · age_up imperial |
| 31:09 | sdk · first_building Castle |
| 31:39 | jwL · age_up imperial |
| 32:17 | 3409853472 · resign |
| 32:40 | LuLALa · wall_segment Palisade Wall x1 |
[ ANÁLISIS IA · 1 CRÉDITO ]
¿Qué pasó realmente en esta partida?
Wolo.gg analiza cada decisión: build order, eco, micro, errores típicos por bracket. Análisis personalizado por WhatsApp o Discord en 30 segundos.
Guía civ
Mongoles
Perfil
Jugador #6875947